 Dungeon Crawl Stone Soup version 0.25-a0-1078-gea6e5d949a (webtiles) character file.

Game seed: 9361646261439865061, levelgen mode: deterministic

735436 Maedhros the Black Belt (level 27, -24/195 HPs)
             Began as an Octopode Artificer on May 15, 2020.
             Was the Champion of Cheibriados.
             Annihilated by Antaeus
             ... wielding the +9 mace "Ateecoharo" {freeze, rC+}
              (43 damage)
             ... on level 7 of Cocytus on May 16, 2020.
             The game lasted 03:51:42 (28536 turns).

Maedhros the Black Belt (Octopode Artificer)       Turns: 28536, Time: 03:51:48

Health: -24/195    AC:  8    Str: 23      XL:     27
Magic:  6/63       EV: 47    Int: 43      God:    Cheibriados [******]
Gold:   960        SH: 22    Dex: 55 (56) Spells: 6/53 levels left

rFire    + + .     SeeInvis +   P - +2 mace of Ruof {venom, +Blink MP+9 Dex+4}
rCold    + + .     Gourm    .   v - +4 kite shield {AC+3}
rNeg     + + +     Faith    .   K - +2 hat {MR+}
rPois    +         Spirit   .   b - amulet of regeneration
rElec    +         Reflect  .   J - ring of Ragres {rN+ Dex+9}
rCorr    .         Harm     .   B - ring of see invisible
MR       ++++.     Clarity  +   G - ring "Cidel" {rC+ rN+ MP+9 EV+4 Stlth-}
Stlth    +++++++...             R - ring "Ylyuqow" {rC+ rN+ MR+ Str-3}
HPRegen  0.82/turn              E - ring "Muzaq" {+Fly rElec Int+9 Dex+4 Slay-2}
MPRegen  0.38/turn              N - ring "Fiususea" {rF+ Int+4}
                                s - +4 ring of evasion
                                I - +4 ring of slaying

@: frozen, flying, very slow
A: almost no armour, stealthy swim, amphibious, 8 rings, constrict 8, tentacle
spike 2, iridescent scales 1, camouflage 1, blurry vision 1, clarity,
deterioration 1, fire resistance 1, high mp 1, sense surroundings 1, poison
resistance, gelatinous body 1
}: 6/15 runes: serpentine, barnacled, slimy, silver, iron, bone
a: Bend Time, Temporal Distortion, Slouch, Step From Time, Renounce Religion,
Evoke Blink


You were on level 7 of Cocytus.
You worshipped Cheibriados.
Cheibriados was exalted by your worship.
You were not hungry.

You visited 16 branches of the dungeon, and saw 73 of its levels.
You visited the Abyss 1 time.
You visited 1 bazaar.
You also visited: Trove and Ice Cave.

You collected 6669 gold pieces.
You spent 5709 gold pieces at shops.

Inventory:

Hand Weapons
 m - the +10 zealot's sword {holy, *Rage rN+ EV+3}
   (You found it on level 7 of Tartarus)

   It has been blessed by the Shining One to cause great damage to the undead
   and demons.
   It affects your evasion (+3).
   It protects you from negative energy.
   It may make you go berserk in combat.
 A - the +8 lance "Wyrmbane" {slay drac, rPois rF+ rC+ AC+3}
   (You found it on level 3 of the Crypt)

   It affects your AC (+3).
   It protects you from fire.
   It protects you from cold.
   It protects you from poison.
 P - the +2 mace of Ruof (weapon) {venom, +Blink MP+9 Dex+4}
   (You found it on level 4 of the Lair of Beasts)

   It poisons the flesh of those it strikes.
   It affects your dexterity (+4).
   It affects your magic capacity (+9).
   It lets you blink.
Armour
 v - a +4 kite shield of protection (worn)
 K - a +2 hat of magic resistance (worn)
Jewellery
 b - an amulet of regeneration (around mantle)
 q - the ring of Lust {rF+ rN++}
   (You found it on level 5 of the Pits of Slime)

   [ring of protection from fire]

   It protects you from fire.
   It greatly protects you from negative energy.
 s - a +4 ring of evasion (on tentacle)
 w - the ring "Ojotz" {rPois rC+ MR++}
   (You found it on level 7 of Tartarus)

   [ring of poison resistance]

   It protects you from cold.
   It protects you from poison.
   It affects your resistance to hostile enchantments.
 B - a ring of see invisible (right tentacle)
 E - the ring "Muzaq" (on tentacle) {+Fly rElec Int+9 Dex+4 Slay-2}
   (You bought it in a shop on level 6 of the Dungeon)

   [ring of flight]

   It affects your intelligence (+9).
   It affects your dexterity (+4).
   It affects your accuracy and damage with ranged weapons and melee attacks
   (-2).
   It insulates you from electricity.
   It lets you fly.
 G - the ring "Cidel" (on tentacle) {rC+ rN+ MP+9 EV+4 Stlth-}
   (You bought it in a shop on level 6 of the Dungeon)

   [ring of evasion]

   It affects your evasion (+4).
   It protects you from cold.
   It protects you from negative energy.
   It affects your magic capacity (+9).
   It makes you less stealthy.
 I - a +4 ring of slaying (on tentacle)
 J - the ring of Ragres (left tentacle) {rN+ Dex+9}
   (You found it on level 3 of the Crypt)

   [ring of positive energy]

   It affects your dexterity (+9).
   It protects you from negative energy.
 N - the ring "Fiususea" (on tentacle) {rF+ Int+4}
   (You found it on level 5 of the Pits of Slime)

   [ring of protection from fire]

   It affects your intelligence (+4).
   It protects you from fire.
 O - the ring "Junorex" {rElec rF+ Str+6 Dex+2}
   (You found it on level 7 of Tartarus)

   [ring of strength]

   It affects your strength (+6).
   It affects your dexterity (+2).
   It protects you from fire.
   It insulates you from electricity.
 R - the ring "Ylyuqow" (on tentacle) {rC+ rN+ MR+ Str-3}
   (You found it on level 3 of the Crypt)

   [ring of positive energy]

   It affects your strength (-3).
   It protects you from cold.
   It protects you from negative energy.
   It affects your resistance to hostile enchantments.
 T - the ring "Aqoceac" {rElec EV+4}
   (You found it on level 3 of the Elven Halls)

   [ring of evasion]

   It affects your evasion (+4).
   It insulates you from electricity.
 Z - an uncursed ring of wizardry
Wands
 d - a wand of clouds (26)
 j - a wand of iceblast (8)
 l - a wand of acid (25)
 x - a wand of digging (8)
Scrolls
 a - 5 scrolls of magic mapping
 o - 3 scrolls of teleportation
 r - 2 scrolls of summoning
 t - 9 scrolls of amnesia
 z - 2 scrolls of silence
 F - 2 scrolls of remove curse
 H - 4 scrolls of fear
 M - 6 scrolls of fog
 V - 2 scrolls of blinking
 Y - 2 scrolls of immolation
Potions
 c - 2 potions of stabbing
 e - 8 potions of heal wounds
 g - 5 potions of might
 i - 8 potions of curing
 k - 2 potions of mutation
 n - 7 potions of flight
 p - 3 potions of invisibility
 u - 2 potions of resistance
 C - 4 potions of lignification
 L - 3 potions of ambrosia
 S - 4 potions of cancellation
 W - 4 potions of magic
Miscellaneous
 h - 8 boxes of beasts
 Q - a phial of floods
 U - 7 phantom mirrors
 X - the horn of Geryon
Comestibles
 f - 19 rations


   Skills:
 - Level 18.0 Fighting
   Level 1.0 Short Blades
 - Level 17.5 Dodging
 - Level 11.1 Stealth
 - Level 15.1 Shields
 * Level 20.1 Unarmed Combat
 * Level 13.9 Spellcasting
 - Level 8.1 Conjurations
 - Level 17.4 Summonings
 - Level 11.1 Necromancy
 - Level 13.0 Translocations
 - Level 10.2 Transmutations
 - Level 7.0 Ice Magic
 - Level 11.9 Air Magic
 - Level 10.2 Earth Magic
 - Level 13.0 Invocations
 - Level 16.2 Evocations


You had 6 spell levels left.
You knew the following spells:

 Your Spells              Type           Power        Failure   Level  Hunger
a - Borgnjor's Vile Clut  Necr/Erth      #######...   1%          5    None
b - Mephitic Cloud        Conj/Pois/Air  ######..     1%          3    None
c - Statue Form           Tmut/Erth      #######..    2%          6    None
d - Freezing Cloud        Conj/Ice/Air   #######...   3%          6    None
e - Animate Skeleton      Necr           N/A          0%          1    None
f - Apportation           Tloc           ######       0%          1    None
g - Leda's Liquefaction   Hex/Erth       ######....   1%          4    None
h - Malign Gateway        Summ/Tloc      ########..   1%          7    ###....
i - Haunt                 Necr/Summ      ########..   2%          7    ###....
j - Monstrous Menagerie   Summ           ########..   1%          7    ###....

Your spell library contained the following spells:

 Spells                   Type           Power        Failure   Level  Hunger
 Pain                     Necr           ####         0%          1    None
 Shock                    Conj/Air       ####         0%          1    None
 Summon Butterflies       Summ           ########     0%          1    None
 Summon Small Mammal      Summ           ####         0%          1    None
 Blink                    Tloc           N/A          0%          2    None
 Call Imp                 Summ           ########     0%          2    None
 Corpse Rot               Necr/Air       N/A          0%          2    None
 Sublimation of Blood     Necr           #######...   0%          2    None
 Call Canine Familiar     Summ           ########     0%          3    None
 Gell's Gravitas          Tloc           #######...   0%          3    None
 Lesser Beckoning         Tloc           #######...   0%          3    None
 Recall                   Summ/Tloc      N/A          0%          3    None
 Teleport Other           Tloc           #######.     0%          3    None
 Corona                   Hex            ####...      1%          1    None
 Foxfire                  Conj/Fire      ####         1%          1    None
 Infusion                 Chrm           ####         1%          1    None
 Magic Dart               Conj           ####         1%          1    None
 Sting                    Tmut/Pois      ####         1%          1    None
 Ensorcelled Hibernation  Hex/Ice        ######       1%          2    None
 Poisonous Vapours        Pois/Air       ######       1%          2    None
 Shroud of Golubria       Chrm/Tloc      ######       1%          2    None
 Slow                     Hex            ####....     1%          2    None
 Song of Slaying          Chrm           ####....     1%          2    None
 Swiftness                Chrm/Air       ######..     1%          2    None
 Conjure Flame            Conj/Fire      ######..     1%          3    None
 Dazzling Flash           Conj/Hex       ######       1%          3    None
 Ignite Poison            Fire/Tmut/Pois ######..     1%          3    None
 Ozocubu's Armour         Chrm/Ice       ######..     1%          3    None
 Portal Projectile        Hex/Tloc       ######       1%          3    None
 Static Discharge         Conj/Air       #######.     1%          3    None
 Stone Arrow              Conj/Erth      ######       1%          3    None
 Vampiric Draining        Necr           #######...   1%          3    None
 Airstrike                Air            #######...   1%          4    None
 Animate Dead             Necr           N/A          1%          4    None
 Iskenderun's Mystic Bla  Conj/Tloc      #######.     1%          4    None
 Passage of Golubria      Tloc           N/A          1%          4    None
 Petrify                  Tmut/Erth      #######.     1%          4    None
 Sticky Flame             Conj/Fire      ######..     1%          4    None
 Summon Ice Beast         Ice/Summ       #######.     1%          4    None
 Agony                    Necr           #######.     1%          5    None
 Lightning Bolt           Conj/Air       #######...   1%          5    None
 Summon Mana Viper        Hex/Summ       #######.     1%          5    None
 Death Channel            Necr           #######...   1%          6    None
 Shadow Creatures         Summ           N/A          1%          6    None
 Bolt of Magma            Conj/Fire/Erth ######....   2%          5    None
 Excruciating Wounds      Chrm/Necr      ######....   2%          5    None
 Silence                  Hex/Air        ######....   2%          5    None
 Confusing Touch          Hex            ####....     3%          3    None
 Inner Flame              Hex/Fire       ####....     3%          3    None
 Spectral Weapon          Hex/Chrm       ####....     3%          3    None
 Tukima's Dance           Hex            ####....     3%          3    None
 Alistair's Intoxication  Tmut/Pois      ######..     3%          5    None
 Yara's Violent Unravell  Hex/Tmut       ######....   3%          5    None
 Iron Shot                Conj/Erth      #######...   3%          6    None
 Simulacrum               Ice/Necr       #######...   3%          6    None
 Fireball                 Conj/Fire      ######....   4%          5    None
 Metabolic Englaciation   Hex/Ice        ######....   6%          5    None
 Cause Fear               Hex            ####......   10%         4    None
 Olgreb's Toxic Radiance  Pois           ####....     10%         4    None
 Darkness                 Hex            ####......   83%         6    None
 Invisibility             Hex            ####....     83%         6    None
 Summon Greater Demon     Summ           ########..   1%          7    ###....
 Summon Hydra             Summ           ########..   1%          7    ###....
 Summon Horrible Things   Summ           ########..   4%          8    #####..
 Ring of Flames           Chrm/Fire      ####......   100%        7    ###....
 Discord                  Hex            ####......   100%        8    #####..
 Shatter                  Erth           #######...   100%        9    ######.


Dungeon Overview and Level Annotations

Branches:
Dungeon (15/15)            Temple (1/1) D:5            Lair (6/6) D:8
 Shoals (4/4) Lair:4        Snake (4/4) Lair:3        Slime (5/5) Lair:5
    Orc (2/2) D:12            Elf (3/3) Orc:2        Vaults (5/5) D:14
  Crypt (3/3) Vaults:3       Tomb (2/3) Crypt:3      Depths (2/5) D:15
   Hell (visited)             Dis (7/7) Hell            Coc (7/7) Hell
    Tar (7/7) Hell          IceCv (visited)
    Geh: Hell:1

Altars:
Ashenzari
Cheibriados
Dithmenos
Elyvilon
Fedhas
Gozag
Kikubaaqudgha
Makhleb
Nemelex Xobeh
Qazlal
Ru
Sif Muna
Uskayaw
Vehumet
Wu Jian
Xom
Yredelemnul
Zin
The Shining One
Beogh
Jiyva

Shops:
D:6 }=   D:8 *([   D:12 *   Orc:2 ?**[   Elf:2 *   Elf:3 *   Snake:3 %
Vaults:2 ?   Vaults:3 [   Vaults:5 *[!}!

Portals:
Hell: Depths:2

Annotations:
Lair:4 Josephine
Elf:2 3 runed translucent doors
Coc:7 Antaeus


Innate Abilities, Weirdness & Mutations

You cannot wear most types of armour.
You are very stealthy in the water. (Stealth+)
You are amphibious.
You can wear up to eight rings at the same time.
You can use your tentacles to constrict eight enemies at once.
Your skin changes colour to match your surroundings (Stealth+).
Your rubbery body absorbs attacks. (AC +1, EV +1)
One of your tentacles bears a nasty spike.
You are partially covered in iridescent scales. (AC +2)
Scrolls take you a little longer to read.
You possess an exceptional clarity of mind.
Your body sometimes deteriorates upon taking damage.
Your flesh is heat resistant. (rF+)
You have an increased reservoir of magic. (+10% MP)
You passively map a small area around you.
Your system is resistant to poisons. (rPois)


Message History

The ice devil hits you but does no damage.
The ice dragon completely misses you.
The ice dragon claws you but does no damage.
You block the ice dragon's attack. Antaeus gestures at you.
The flash freeze hits you!!! You partially resist.
* * * LOW HITPOINT WARNING * * *
You are encased in ice.
Unknown command.
Unknown command.
Unknown command.
Unknown command.
You revert to your normal fleshy form.
Your sphinx hits the ice devil.
Your sphinx barely misses the ice devil.
Your sphinx hits the ice devil.
Your eldritch tentacle slaps Antaeus!
Antaeus is engulfed in flames!!!
Antaeus is burned terribly!
Your eldritch tentacle claws Antaeus but does no damage.
Antaeus hits you with the +9 mace "Ateecoharo" {freeze, rC+}!!!
You die...

###########.....≈≈...##....## *
*########)#....≈≈...##....##
,........).......≈≈...##....##
.......⌠...##.)..≈≈...##....##
≈≈≈......))..##....≈≈...##....##
≈≈≈≈≈≈≈..)...##....≈≈...##....#
≈≈≈≈≈≈≈≈...).##...≈≈...##....#
≈≈≈≈≈≈≈≈≈≈)wH4##..≈≈≈..##....#
#####≈≈≈≈≈≈*C@H##.≈≈≈..##....#
##≈≈≈≈≈≈D1.##.≈≈≈..##....#
#≈≈≈≈≈≈...##.≈≈≈..##....# * *,
#≈≈≈≈≈≈≈..#..≈≈≈..##....# , *
#≈≈≈≈≈≈≈≈.#.≈≈≈≈..##....# *
.'≈≈≈≈≈≈≈≈.#.≈≈≈≈..##....#
..'≈≈≈≈≈≈≈≈.#.≈≈≈≈..##....# * ,
####≈≈≈≈≈≈≈..#..≈≈≈..##....#
#≈≈≈≈≈≈...##.≈≈≈..##....#


You could see Antaeus (fast, strong, invisible), an Ice Fiend, an ice dragon, an
ice devil, a friendly eldritch tentacle, a friendly sphinx (summoned) and a
friendly elder oxsting beast (summoned).

Vanquished Creatures
  the Royal Jelly (Slime:5)
  Ereshkigal (Tar:7)
  the Serpent of Hell (Dis:7)
  Dispater (Dis:7)
  2 ancient liches
  8 greater mummies
  Frederick (Vaults:3)
  14 shard shrikes
  11 bone dragons
  10 doom hounds
  5 iron giants (Dis:7)
  22 Tzitzimimeh
  A Brimstone Fiend (Dis:7)
  4 tentacled monstrosities (Vaults:5)
  6 Hell Sentinels (Dis:7)
  12 Ice Fiends
  5 titans (Vaults:5)
  3 quicksilver dragons
  7 liches
  4 deep elf blademasters (Elf:3)
  Frances (Elf:1)
  The ghost of Samarch the End of an Era, an adept GrFi of Qazlal (Shoals:1)
  3 deep elf master archers (Elf:3)
  8 sphinxes
  An eldritch tentacle (Dis:7)
  26 acid blobs
  13 ancient champions
  2 storm dragons
  Gastronok (Lair:2)
  The ghost of Saoxzy the Grim Reaper, an adept DsFi of Yredelemnul (Shoals:1)
  10 shadow dragons
  2 revenants
  Ilsuiw (Shoals:2)
  6 tengu reavers (Vaults:5)
  9 nagarajas
  10 azure jellies (Slime:5)
  A fire giant (Depths:2)
  3 iron dragons
  5 frost giants
  A curse skull (Crypt:3)
  5 balrugs
  9 deep elf sorcerers
  12 vault wardens
  8 deep elf elementalists
  10 ghouls (Tar:7)
  7 ironheart preservers
  53 reapers
  19 war gargoyles
  3 very ugly things
  5 vampire knights
  7 stone giants
  A bennu (Tomb:1)
  8 deep elf demonologists
  12 deep elf annihilators (Elf:3)
  Azrael (Snake:1)
  3 lorocyprocas
  A green death (Dis:5)
  15 mummy priests
  4 ettins
  6 deep elf death magi
  2 eidola (Crypt:2)
  5 merfolk javelineers
  5 death oozes (Slime:5)
  9 blizzard demons
  2 great orbs of eyes
  2 fire dragons
  4 quicksilver dragon zombies
  A kraken zombie (Coc:6)
  A fire dragon (shapeshifter) (Vaults:5)
  3 merfolk impalers
  9 jiangshi
  7 ogre magi
  4 deep elf high priests
  Fannar (Lair:1)
  Harold (Lair:2)
  13 yaktaur captains
  5 quicksilver dragon skeletons
  23 vault guards
  11 naga warriors
  A spriggan air mage (Depths:2)
  A hell beast (Depths:2)
  8 hydras
  A ghost crab (Tar:7)
  A hydra (shapeshifter) (Vaults:5)
  12 ice dragons
  7 centaur warriors
  8 anacondas
  A large abomination (Elf:3)
  A death knight (Crypt:1)
  2 merfolk aquamancers (Shoals:2)
  15 two-headed ogres
  A death yak (Depths:2)
  A satyr (Shoals:2)
  9 hell hogs (Hell)
  3 deep troll shamans
  21 death scarabs
  4 titan zombies
  2 deep troll earth magi
  11 dancing weapons
  56 hell knights
  16 naga sharpshooters
  A tengu warrior (D:13)
  4 vampire magi
  A sun demon (Hell)
  15 deep elf knights
  4 shock serpents
  2 storm dragon zombies (Tar:7)
  A spriggan (Depths:2)
  97 skeletal warriors
  A salamander mystic (Snake:4)
  14 soul eaters
  2 iron golems (Hell)
  2 titan skeletons
  13 sea snakes
  4 glowing orange brains
  2 storm dragon skeletons
  A deep troll (shapeshifter) (Elf:3)
  A death drake (Tar:7)
  3 naga ritualists
  8 anaconda zombies
  18 deep trolls
  3 iron trolls
  A spriggan druid (Depths:2)
  2 golden dragon zombies
  An unseen horror (D:15)
  8 shadow demons
  A kraken simulacrum (Shoals:4)
  2 ghost moth zombies
  4 wizards
  3 iron dragon zombies
  9 phantasmal warriors
  6 flayed ghosts
  10 deep elf archers
  4 anaconda skeletons
  5 orc knights
  2 wolf spider zombies
  10 necromancers
  4 shadow dragon zombies
  A golden dragon skeleton (Crypt:3)
  2 stone giant zombies
  5 ironbrand convokers
  2 mana vipers
  A mana viper (shapeshifter) (Vaults:5)
  3 harpies
  3 wolf spiders
  35 deep elf magi
  11 cyclopes
  14 ugly things
  A shadow dragon skeleton (Dis:6)
  6 frost giant zombies
  3 iron dragon skeletons
  5 salamanders
  3 fauns (Shoals:2)
  8 manticores
  4 shining eyes
  3 fire giant zombies
  A moth of wrath (shapeshifter) (Vaults:5)
  2 stone giant skeletons
  8 guardian serpents
  21 black mambas
  2 water nymphs (shapeshifter) (Vaults:5)
  A dire elephant zombie (Dis:6)
  2 shock serpent zombies
  3 titan simulacra (Coc:7)
  3 ice statues
  A merfolk siren (Shoals:2)
  10 naga magi
  6 vault sentinels
  2 frost giant skeletons
  26 rust devils
  A fire giant skeleton (Tar:7)
  An eye of devastation (Slime:5)
  3 torpor snails
  5 dire elephant skeletons
  A catoblepas zombie (Coc:7)
  A shock serpent skeleton (Coc:3)
  3 water nymphs
  An alligator snapping turtle zombie (Crypt:1)
  7 gargoyles
  2 kobold demonologists
  A smoke demon (Crypt:3)
  An emperor scorpion zombie (Crypt:3)
  6 hellions
  4 centaur skeletons
  15 spiny frogs
  3 komodo dragons
  23 tormentors
  18 freezing wraiths
  2 storm dragon simulacra (Coc:7)
  5 rime drakes
  26 yaktaurs
  An efreet (Dis:3)
  2 tengu conjurers
  2 anaconda simulacra (Coc:7)
  20 ice devils
  14 hydra zombies
  5 red devils
  5 harpy zombies
  A queen ant zombie (Crypt:2)
  13 merfolk
  2 polar bears
  2 silent spectres
  3 tyrant leeches (Lair:6)
  A troll (shapeshifter) (Vaults:1)
  5 trolls
  A catoblepas skeleton (Crypt:3)
  10 guardian mummies
  3 meliai (D:15)
  A yaktaur skeleton (Vaults:5)
  2 wind drakes (Shoals:4)
  A shadow dragon simulacrum (Coc:3)
  A meliai (shapeshifter) (D:15)
  A hornet (Depths:2)
  A raiju (shapeshifter) (Vaults:1)
  4 hydra skeletons
  8 dream sheep
  57 slime creatures
  16 blink frogs
  A bog body (Crypt:2)
  9 hippogriffs
  3 alligator zombies
  5 fire dragon zombies
  5 snapping turtles
  2 meliai zombies (D:14)
  9 ettin zombies
  4 ice dragon zombies
  A frost giant simulacrum (Coc:7)
  A fire giant simulacrum (Hell)
  A black mamba zombie (Coc:6)
  29 shadows
  A tarantella (shapeshifter) (D:15)
  A centaur simulacrum (D:15)
  82 flying skulls
  33 orc warriors
  4 fire dragon skeletons
  2 alligator skeletons
  20 wraiths
  73 yaks
  6 ushabtiu
  2 air elementals
  18 humans
  6 ice dragon skeletons
  14 water elementals
  5 wyverns
  A redback (Depths:2)
  3 black mamba skeletons
  A golden eye (shapeshifter) (Vaults:5)
  Grum (Lair:1)
  5 fire elementals
  A fire bat (shapeshifter) (Vaults:5)
  2 hogs (shapeshifter)
  6 vampire mosquitoes (Lair:6)
  4 basilisks
  A steam dragon (D:10)
  6 hungry ghosts
  A merfolk zombie (Coc:7)
  5 wargs
  A soldier ant (shapeshifter) (Depths:1)
  10 water moccasins
  54 nagas
  3 hydra simulacra
  31 hell hounds
  7 spiny frog zombies
  4 porcupines
  3 sky beasts
  2 spiny frog skeletons
  11 ice beasts
  2 swamp dragon zombies
  5 black bears
  A manticore zombie (Crypt:3)
  13 necrophages
  An alligator simulacrum (Hell)
  16 ogres
  3 boggarts (Depths:1)
  2 eyes of draining
  2 snapping turtle zombies
  7 phantoms
  A swamp dragon skeleton (Hell)
  18 wolves
  2 snapping turtle skeletons
  6 crocodiles
  16 centaurs
  2 big kobolds
  2 elf zombies
  2 earth elementals
  31 bullfrogs
  A spiny frog simulacrum (Hell)
  An elf skeleton (Coc:3)
  A wyvern skeleton (D:14)
  3 scorpions
  A water moccasin skeleton (D:5)
  6 killer bees (D:8)
  43 wights
  2 electric eels
  7 howler monkeys
  8 crimson imps
  A human zombie (Dis:7)
  3 centaur zombies
  13 iron imps
  4 jellies
  2 bullfrog skeletons
  5 hounds
  8 orc priests
  12 orc wizards
  A black bear skeleton (Crypt:1)
  4 iguanas
  16 adders
  7 worker ants
  Terence (D:3)
  A killer bee zombie (D:8)
  A tengu zombie (Coc:7)
  2 naga zombies
  An ogre zombie (Dis:1)
  A hound zombie (D:9)
  An ogre skeleton (Tar:7)
  A naga skeleton (Tar:7)
  A hound skeleton (D:6)
  43 mummies
  A worker ant zombie (Crypt:2)
  7 gnolls
  A howler monkey skeleton (D:11)
  9 shadow imps
  10 white imps
  A worm (D:3)
  2 dart slugs
  5 leopard geckos
  56 orcs
  5 bats
  4 giant cockroaches
  2 goblins
  6 hobgoblins
  A jackal (D:3)
  9 kobolds
  2 quokkas (D:2)
  4 ball pythons
  8 frilled lizards
  An orc zombie (Dis:5)
  5 rats
  2 crawling corpses (Vaults:5)
  A plant (Lair:6)
  3 tentacles
2460 creatures vanquished.

Vanquished Creatures (collateral kills)
  2 greater mummies (Tomb:2)
  Geryon (Hell)
  3 bone dragons
  A doom hound (Tar:7)
  7 Tzitzimimeh
  A tentacled monstrosity (Hell)
  3 Ice Fiends
  A quicksilver dragon (Dis:7)
  3 ancient champions
  Roxanne (Elf:2)
  An iron dragon (Dis:7)
  An ironheart preserver (Vaults:4)
  2 very ugly things (Depths:1)
  2 elemental wellsprings (Coc:7)
  9 reapers
  A bennu (Tomb:1)
  A vampire knight (Dis:7)
  A war gargoyle (Dis:7)
  2 blizzard demons (Coc:7)
  An ettin (Depths:1)
  A mummy priest (Tomb:1)
  A quicksilver dragon zombie (Tar:2)
  A great orb of eyes (Slime:5)
  5 ice dragons
  2 hydras
  2 vault guards (Vaults:4)
  A death scarab (Tomb:2)
  A titan zombie (Coc:3)
  A deep troll earth mage (Depths:1)
  A vampire mage (Tar:2)
  A naga sharpshooter (Snake:2)
  A sun demon (Hell)
  2 hell hogs (Hell)
  10 hell knights
  A titan skeleton (Coc:7)
  A storm dragon zombie (Dis:7)
  21 skeletal warriors
  An iron troll (Depths:2)
  A death drake (shapeshifter) (D:15)
  A spriggan druid (Depths:2)
  A glowing orange brain (D:15)
  An anaconda zombie (Coc:1)
  A deep elf archer (Vaults:5)
  A deep troll (Vaults:4)
  A flayed ghost (Tar:2)
  2 shadow demons
  2 necromancers (Dis:7)
  An anaconda skeleton (Coc:2)
  A phantasmal warrior (Tar:5)
  A shadow dragon zombie (Dis:7)
  A wolf spider zombie (Dis:7)
  2 fire giant zombies
  A deep elf mage (Elf:3)
  An iron dragon zombie (Dis:7)
  A cyclops (D:15)
  A frost giant zombie (Coc:3)
  3 manticores
  A fire giant skeleton (Coc:7)
  A stone giant zombie (Tar:1)
  3 rust devils
  3 black mambas
  A torpor snail (Lair:6)
  A gargoyle (D:15)
  A hellion (Tar:2)
  A yaktaur (shapeshifter) (D:15)
  8 guardian mummies
  A demonic crawler (Hell)
  5 freezing wraiths
  5 yaktaurs (Depths:1)
  A tormentor (Tar:2)
  A tyrant leech (Lair:6)
  A blink frog (Lair:6)
  A fire dragon zombie (Coc:7)
  5 slime creatures
  An ice dragon zombie (Dis:7)
  3 hippogriffs (D:15)
  An ettin zombie (Tomb:2)
  5 flying skulls
  8 shadows
  An ettin skeleton (Coc:7)
  A black mamba zombie (Dis:7)
  2 ice dragon skeletons
  A black mamba skeleton (Dis:7)
  2 yaks (Lair:6)
  A water elemental (Elf:3)
  2 wraiths
  A fire dragon skeleton (Coc:1)
  A wyvern (D:15)
  An ushabti (Tomb:2)
  3 hungry ghosts
  A swamp worm (shapeshifter) (D:15)
  A soldier ant (D:15)
  5 hell hounds (Dis:1)
  A spiny frog zombie (Coc:1)
  A snapping turtle zombie (Dis:7)
  A necrophage (Tar:2)
  A phantom (Tar:1)
  A snapping turtle skeleton (Coc:7)
  A crocodile (Lair:6)
  2 bullfrogs (Lair:6)
  A water moccasin zombie (D:7)
  A scorpion (D:4)
  8 wights
  An iron imp (Dis:3)
  2 ogre zombies
  5 mummies (Tomb:2)
  5 shadow imps
  4 white imps
  A leopard gecko (D:4)
  3 orcs (D:4)
  A hobgoblin (D:3)
  4 jackals
  A bat (D:2)
  2 frilled lizards
  2 fungi (Lair:6)
  7 plants (Lair:6)
  A tentacle (Coc:6)
260 creatures vanquished.

Vanquished Creatures (others)
  48 eldritch tentacles
  Aizul (Elf:3)
  An elemental wellspring (Coc:7)
  A stone giant (Vaults:5)
  An ettin (Depths:1)
  A deep elf high priest (Elf:3)
  A rakshasa (Depths:1)
  2 vault guards (Vaults:4)
  A deep troll shaman (Depths:1)
  A wizard (D:14)
  A salamander (Snake:4)
  A water elemental (Hell)
  An ogre (Vaults:1)
  An orc wizard (D:4)
  A bullfrog skeleton (D:4)
  A worker ant (D:4)
  A mummy (Tomb:1)
  An orc (D:4)
  A jackal (D:3)
  A kobold (D:3)
  33 fungi
  23 plants
  8 tentacles
  24 withered plants (Crypt:3)
156 creatures vanquished.

Grand Total: 2876 creatures vanquished

Notes
Turn   | Place    | Note
-------+----------+-------------------------------------------
     0 | D:1      | Maedhros the Octopode Artificer began the quest for the
                  | Orb.
     0 | D:1      | Reached XP level 1. HP: 13/13 MP: 3/3
    59 | D:3      | Reached XP level 2. HP: 3/18 MP: 4/4
   108 | D:5      | Entered Level 5 of the Dungeon
   160 | D:4      | Reached XP level 3. HP: 11/23 MP: 5/5
   172 | D:4      | Reached skill level 1 in Unarmed Combat
   184 | D:4      | Noticed an orc warrior
   191 | D:4      | Noticed a scorpion
   224 | D:4      | Reached skill level 2 in Unarmed Combat
   231 | D:4      | Reached XP level 4. HP: 14/28 MP: 6/6
   261 | D:4      | Killed an orc warrior
   261 | D:4      | Reached skill level 5 in Unarmed Combat
   261 | D:4      | Reached XP level 5. HP: 17/33 MP: 7/7
   261 | D:4      | Reached XP level 6. HP: 20/38 MP: 8/8
   524 | D:5      | Found a staircase to the Ecumenical Temple.
   533 | Temple   | Entered the Ecumenical Temple
   608 | Temple   | Became a worshipper of Xom of Chaos
   612 | Temple   | Fell from the grace of Xom
   612 | Temple   | Became a worshipper of Cheibriados the Contemplative
   665 | D:5      | Found a burning altar of Makhleb.
   873 | D:1      | XOM: stat loss: -2 Int (12/14)
   885 | D:1      | Reached * piety under Cheibriados
  1067 | D:1      | Cast into level 1 of the Abyss (Xom)
  1089 | D:1      | Escaped the Abyss
  1250 | D:1      | XOM: give mutations
  1250 | D:1      | Gained mutation: You are dopey. (Int -2) [Xom's mischief]
  1250 | D:1      | Gained mutation: Your body sometimes deteriorates upon
                  | taking damage. [Xom's mischief]
  1259 | D:1      | Lost mutation: Your body sometimes deteriorates upon taking
                  | damage. [potion of mutation]
  1259 | D:1      | Lost mutation: You are dopey. (Int -2) [potion of mutation]
  1259 | D:1      | Gained mutation: You are partially covered in iridescent
                  | scales. (AC +2) [potion of mutation]
  1259 | D:1      | Gained mutation: Your flesh is heat resistant. (rF+)
                  | [potion of mutation]
  1284 | D:1      | Reached skill level 6 in Unarmed Combat
  1445 | D:2      | XOM: stat loss: -2 Int (11/15)
  1472 | D:2      | Found a radiant altar of Vehumet.
  1482 | D:2      | Found a blossoming altar of Fedhas.
  1537 | D:2      | Reached XP level 7. HP: 42/43 MP: 9/9
  1576 | D:3      | Reached ** piety under Cheibriados
  1582 | D:3      | Noticed Terence
  1600 | D:3      | Killed Terence
  1861 | D:6      | Reached skill level 7 in Unarmed Combat
  1884 | D:6      | Found Foseluas's Gadget Shoppe.
  1905 | D:6      | Bought a wand of iceblast (4) for 112 gold pieces
  1905 | D:6      | Bought a wand of paralysis (8) for 140 gold pieces
  1908 | D:6      | Found Ecaofec's Jewellery Shop.
  1951 | D:6      | Reached skill level 8 in Unarmed Combat
  1990 | D:6      | Reached XP level 8. HP: 17/48 MP: 10/10
  2079 | D:5      | Found a white marble altar of Elyvilon.
  2235 | D:6      | Reached *** piety under Cheibriados
  2456 | D:7      | Noticed a hippogriff
  2474 | D:7      | Killed a hippogriff
  2494 | D:7      | Found a glowing golden altar of the Shining One.
  2669 | D:8      | Found Piusec's Antique Armour Shoppe.
  2728 | D:8      | Reached skill level 9 in Unarmed Combat
  2728 | D:8      | Reached XP level 9. HP: 51/59 MP: 11/11
  2729 | D:8      | Found a snail-covered altar of Cheibriados.
  2755 | D:8      | Found a hide-covered altar of Uskayaw.
  2854 | D:8      | Reached skill level 5 in Dodging
  2856 | D:8      | Reached skill level 5 in Fighting
  2868 | D:8      | Found a staircase to the Lair.
  2941 | D:8      | Noticed a two-headed ogre
  2950 | D:8      | Killed a two-headed ogre
  2950 | D:8      | Reached skill level 10 in Unarmed Combat
  2968 | D:8      | Noticed a two-headed ogre
  2972 | D:8      | Reached **** piety under Cheibriados
  2974 | D:8      | Killed a two-headed ogre
  2974 | D:8      | Reached XP level 10. HP: 37/69 MP: 11/13
  2996 | D:8      | Found Otio's Weapon Emporium.
  3075 | D:8      | Found Ysywya's General Store.
  3167 | D:9      | Reached skill level 1 in Shields
  3193 | D:9      | Learned a level 4 spell: Petrify
  3204 | D:9      | XOM: noise
  3323 | D:9      | Reached skill level 5 in Evocations
  3329 | D:9      | HP: 1/71 [yak (7)]
  3333 | D:9      | Reached skill level 1 in Earth Magic
  3337 | D:9      | Reached skill level 1 in Transmutations
  3402 | D:9      | XOM: noise
  3422 | D:9      | Reached ***** piety under Cheibriados
  3518 | D:10     | Entered Level 10 of the Dungeon
  3531 | D:10     | Reached XP level 11. HP: 57/75 MP: 15/15
  3540 | D:10     | Noticed a two-headed ogre
  3562 | D:10     | Killed a two-headed ogre
  3665 | D:10     | Reached skill level 5 in Invocations
  3951 | D:10     | XOM: noise
  4144 | D:11     | Learned a level 3 spell: Mephitic Cloud
  4147 | D:11     | Learned a level 2 spell: Poisonous Vapours
  4177 | D:11     | XOM: 1-stop teleportation journey
  4221 | D:12     | Noticed a cyclops
  4228 | D:12     | Killed a cyclops
  4269 | D:12     | XOM: 5-stop teleportation journey
  4308 | D:12     | XOM: blink monster(s)
  4317 | D:12     | Found a staircase to the Orcish Mines.
  4374 | D:12     | XOM: give mutations
  4374 | D:12     | Gained mutation: Your spells are a little harder to cast,
                  | but a little more powerful. [Xom's mischief]
  4374 | D:12     | Lost mutation: Your spells are a little harder to cast, but
                  | a little more powerful. [Xom's mischief]
  4476 | D:11     | Reached XP level 12. HP: 58/82 MP: 17/17
  4762 | D:13     | Found an ancient bone altar of Kikubaaqudgha.
  4802 | Orc:1    | Entered Level 1 of the Orcish Mines
  4888 | Orc:2    | Entered Level 2 of the Orcish Mines
  4934 | Orc:1    | Reached ****** piety under Cheibriados
  5133 | Orc:2    | Found a staircase to the Elven Halls.
  5212 | Orc:2    | XOM: 1-stop teleportation journey
  5222 | Orc:2    | Reached skill level 10 in Dodging
  5280 | Orc:2    | Found a roughly hewn altar of Beogh.
  5418 | Orc:2    | Noticed a centaur warrior
  5434 | Orc:2    | Killed a centaur warrior
  5434 | Orc:2    | Reached skill level 5 in Transmutations
  5434 | Orc:2    | Reached skill level 5 in Earth Magic
  5627 | Orc:2    | XOM: scenery: create altars
  5887 | Orc:2    | Found Popym's Armour Emporium.
  5898 | Orc:2    | Found Zaitoll's General Store.
  5898 | Orc:2    | Found Homaoklu's Assorted Antiques.
  5900 | Orc:2    | Found Kymic's Magic Scroll Boutique.
  5911 | Orc:2    | Bought a scroll of acquirement for 780 gold pieces
  6119 | Orc:2    | Reached skill level 5 in Shields
  6120 | Orc:2    | Reached XP level 13. HP: 31/88 MP: 0/19
  6334 | D:10     | XOM: give mutations
  6334 | D:10     | Gained mutation: You are occasionally teleported next to
                  | monsters. [Xom's mischief]
  6334 | D:10     | Gained mutation: Scrolls take you a little longer to read.
                  | [Xom's mischief]
  6334 | D:10     | Gained mutation: You possess an exceptional clarity of
                  | mind. [Xom's mischief]
  6412 | Lair:1   | Entered Level 1 of the Lair of Beasts
  6417 | Lair:1   | Noticed Grum
  6420 | Lair:1   | Reached skill level 1 in Spellcasting
  6428 | Lair:1   | Killed Grum
  6527 | D:6      | Bought the ring "Cidel" {rC+ rN+ MP+9 EV+4 Stlth-} for 788
                  | gold pieces
  6537 | D:6      | Found a shimmering blue altar of Sif Muna.
  6630 | Lair:1   | Found an ornate altar of the Wu Jian Council.
  6673 | Lair:1   | Noticed Fannar
  6688 | Lair:1   | Killed Fannar
  6700 | Lair:1   | XOM: summons 4 hostile demons
  6904 | Lair:2   | Noticed Harold
  6917 | Lair:2   | Killed Harold
  6934 | Lair:2   | Noticed Gastronok
  6940 | Lair:2   | Killed Gastronok
  7037 | Lair:2   | XOM: blink monster(s)
  7037 | Lair:2   | Was forgiven by Xom
  7448 | Lair:4   | Noticed Josephine
  7512 | Lair:4   | Reached skill level 5 in Spellcasting
  7529 | Lair:4   | Got a steaming mace
  7565 | Lair:4   | Found a staircase to the Shoals.
  7574 | Lair:4   | Found a frozen archway.
  7627 | IceCv    | Entered an ice cave
  7825 | IceCv    | Learned a level 6 spell: Freezing Cloud
  8056 | Lair:5   | Reached skill level 10 in Shields
  8056 | Lair:5   | Reached skill level 1 in Air Magic
  8136 | Lair:5   | Reached skill level 1 in Conjurations
  8144 | Lair:5   | Reached skill level 1 in Ice Magic
  8170 | Lair:5   | Reached XP level 14. HP: 51/94 MP: 22/22
  8346 | Lair:3   | Found a staircase to the Snake Pit.
  8568 | Lair:6   | Entered Level 6 of the Lair of Beasts
  8597 | Lair:5   | Lost mutation: Scrolls take you a little longer to read.
                  | [potion of mutation]
  8597 | Lair:5   | Lost mutation: You possess an exceptional clarity of mind.
                  | [potion of mutation]
  8597 | Lair:5   | Lost mutation: You are occasionally teleported next to
                  | monsters. [potion of mutation]
  8597 | Lair:5   | Gained mutation: You have an increased reservoir of magic.
                  | (+10% MP) [potion of mutation]
  8887 | Orc:2    | Bought an uncursed ring of poison resistance for 280 gold
                  | pieces
  9181 | D:12     | Learned a level 1 spell: Animate Skeleton
  9183 | D:12     | Learned a level 1 spell: Apportation
  9294 | D:12     | Found Ohane's Pet Rocks.
  9357 | D:12     | Reached skill level 5 in Stealth
  9379 | D:12     | Found a portal to a secret trove of treasure.
  9673 | D:14     | Reached skill level 5 in Air Magic
 10233 | D:14     | Found a gate to the Vaults.
 10328 | D:15     | Entered Level 15 of the Dungeon
 10352 | D:15     | Reached XP level 15. HP: 32/99 MP: 25/25
 10542 | D:15     | Found a staircase to the Depths.
 10843 | D:15     | Reached skill level 5 in Ice Magic
 10866 | D:15     | Reached skill level 5 in Conjurations
 10899 | D:15     | Learned a level 3 spell: Ozocubu's Armour
 11273 | Lair:6   | Reached skill level 10 in Stealth
 11802 | Snake:1  | Entered Level 1 of the Snake Pit
 11802 | Snake:1  | Noticed Azrael
 11831 | Snake:1  | Killed Azrael
 11861 | Snake:1  | Reached XP level 16. HP: 20/105 MP: 13/26
 12260 | Elf:1    | Entered Level 1 of the Elven Halls
 12334 | Elf:1    | Noticed Frances
 12415 | Elf:1    | Killed Frances
 12544 | Elf:2    | Identified the cursed +2 mace of Ruof {venom, +Blink MP+9
                  | Dex+4} (You found it on level 4 of the Lair of Beasts)
 12580 | Elf:2    | Found Goine's General Store.
 12584 | Elf:2    | Found a radiant altar of Vehumet.
 12634 | Elf:2    | Bought a scroll of fear for 42 gold pieces
 12634 | Elf:2    | Bought a potion of magic for 96 gold pieces
 12687 | Elf:2    | Found a runed translucent gate.
 12687 | Elf:2    | Found a runed translucent gate.
 12691 | Elf:2    | Found a runed translucent gate.
 12902 | Elf:2    | Noticed Roxanne
 12903 | Elf:2    | found statue form at
 12903 | Elf:2    | 12900
 13183 | Elf:2    | Learned a level 1 spell: Summon Small Mammal
 13223 | Elf:2    | Killed Roxanne
 13227 | Elf:2    | managed to kill her at last with summon mammals lol
 13236 | Elf:2    | Learned a level 6 spell: Statue Form
 13236 | Elf:2    | statue form castable at 24%
 13238 | Elf:2    | 17% with 2 wizardry and 2 +6 int rings
 13247 | Elf:3    | Entered Level 3 of the Elven Halls
 13328 | Elf:3    | Noticed Aizul
 13336 | Elf:3    | Killed Aizul
 13523 | Elf:3    | Found Puvyuc's General Store.
 13639 | Elf:3    | Noticed a deep elf master archer
 13651 | Elf:3    | Noticed a deep elf blademaster
 13654 | Elf:3    | Killed a deep elf blademaster
 13657 | Elf:3    | Killed a deep elf master archer
 13657 | Elf:3    | Reached XP level 17. HP: 82/109 MP: 20/27
 13657 | Elf:3    | Noticed a deep elf blademaster
 13668 | Elf:3    | Killed a deep elf blademaster
 13673 | Elf:3    | Noticed a deep elf master archer
 13787 | Elf:3    | Identified the +3 flail of Koiburam {flame, *Rage Str+2
                  | Int+4 Dex+4}
 13817 | Elf:3    | Noticed a Brimstone Fiend
 13824 | Elf:3    | Killed a deep elf master archer
 13840 | Elf:3    | Identified the cursed +1 robe of Theory {MR+ Int+4}
 13840 | Elf:3    | Identified the ring of Wishful Thinking {Fire *Drain rElec
                  | rPois rN++ Int-3}
 13906 | Elf:3    | Identified the +9 storm dragon scales of the True Pharaoh
                  | {+Inv rElec Str+2}
 13906 | Elf:3    | Noticed a deep elf blademaster
 13912 | Elf:3    | Killed a deep elf blademaster
 13912 | Elf:3    | Noticed a deep elf master archer
 13921 | Elf:3    | Killed a deep elf master archer
 13927 | Elf:3    | Identified the +9 war axe "Kunyeh" {drain, Int+4 Dex+2}
 13927 | Elf:3    | Identified the +5 troll leather armour of Rotation {Regen+
                  | Dex+7}
 13937 | Elf:3    | Noticed a Hell Sentinel
 13940 | Elf:3    | Identified the +1 robe "Egost" {rF- rC+ SInv}
 13950 | Elf:3    | Noticed a Hell Sentinel
 13952 | Elf:3    | Reached skill level 15 in Shields
 13952 | Elf:3    | Reached skill level 10 in Transmutations
 13955 | Elf:3    | Reached skill level 10 in Earth Magic
 14015 | Elf:3    | Noticed a deep elf blademaster
 14025 | Elf:3    | Killed a deep elf blademaster
 14056 | Elf:3    | Identified Sif Muna's Volume of Clay and Feathers
 14111 | Elf:3    | Found the +6 lightning scales {run, rElec}
 14126 | Elf:3    | Got a sparkling glass ring
 14128 | Elf:3    | Identified the ring "Aqoceac" {rElec EV+4} (You found it on
                  | level 3 of the Elven Halls)
 14169 | Elf:3    | Learned a level 5 spell: Borgnjor's Vile Clutch
 14174 | Elf:3    | Learned a level 4 spell: Leda's Liquefaction
 14722 | Snake:2  | Reached XP level 18. HP: 116/116 MP: 28/28
 15117 | Snake:3  | Found Saumal's Food Shoppe.
 15163 | Snake:3  | Reached skill level 10 in Air Magic
 15295 | Snake:4  | Entered Level 4 of the Snake Pit
 15503 | Snake:4  | Reached skill level 11 in Unarmed Combat
 15564 | Snake:4  | Reached XP level 19. HP: 108/124 MP: 34/34
 15591 | Snake:4  | Got a serpentine rune of Zot
 15817 | Shoals:1 | Entered Level 1 of the Shoals
 15873 | Shoals:1 | Found a runed translucent gate.
 15873 | Shoals:1 | Found a runed translucent gate.
 15873 | Shoals:1 | Found a runed translucent gate.
 15873 | Shoals:1 | Noticed Saoxzy's ghost (adept DsFi)
 15874 | Shoals:1 | Noticed Samarch's ghost (adept GrFi)
 15893 | Shoals:1 | Killed Samarch's ghost
 15897 | Shoals:1 | Killed Saoxzy's ghost
 15922 | Shoals:2 | Noticed Ilsuiw
 15934 | Shoals:2 | Killed Ilsuiw
 16119 | Shoals:4 | Entered Level 4 of the Shoals
 16225 | Shoals:4 | Reached skill level 10 in Fighting
 16338 | Shoals:4 | Got a barnacled rune of Zot
 16584 | Lair:5   | Found a staircase to the Slime Pits.
 16593 | Slime:1  | Entered Level 1 of the Pits of Slime
 16663 | Slime:1  | Gained mutation: You evolve. [a shining eye]
 16666 | Slime:1  | Gained mutation: You are weak. (Str -2) [a shining eye]
 16692 | Slime:1  | Gained mutation: Your body sometimes deteriorates upon
                  | taking damage. [a shining eye]
 16728 | Slime:3  | Gained mutation: Scrolls take you a little longer to read.
                  | [a shining eye]
 16731 | Slime:3  | Gained mutation: Your body often deteriorates upon taking
                  | damage. [a shining eye]
 16732 | Slime:3  | Gained mutation: You occasionally shout uncontrollably at
                  | your foes. [a shining eye]
 16734 | Slime:3  | Reached skill level 10 in Spellcasting
 16768 | Slime:5  | Entered Level 5 of the Pits of Slime
 16769 | Slime:5  | Gained mutation: You are frail. (-10% HP) [a shining eye]
 16770 | Slime:5  | Gained mutation: Scrolls take you longer to read. [a
                  | shining eye]
 16803 | Slime:5  | Found a viscous altar of Jiyva.
 16804 | Slime:5  | Noticed the Royal Jelly
 16816 | Slime:5  | Found the macabre finger necklace {rN+}
 16830 | Slime:5  | Lost mutation: You are weak. (Str -2) [potion of mutation]
 16830 | Slime:5  | Lost mutation: You are frail. (-10% HP) [potion of
                  | mutation]
 16830 | Slime:5  | Lost mutation: Your body often deteriorates upon taking
                  | damage. [potion of mutation]
 16830 | Slime:5  | Gained mutation: One of your tentacles bears a spike.
                  | [potion of mutation]
 16830 | Slime:5  | Gained mutation: You expend magic power (3 MP) to
                  | strengthen your wands. [potion of mutation]
 16831 | Slime:5  | Lost mutation: Scrolls take you longer to read. [potion of
                  | mutation]
 16831 | Slime:5  | Lost mutation: You expend magic power (3 MP) to strengthen
                  | your wands. [potion of mutation]
 16831 | Slime:5  | Lost mutation: Scrolls take you a little longer to read.
                  | [potion of mutation]
 16831 | Slime:5  | Gained mutation: Your system is resistant to poisons.
                  | (rPois) [potion of mutation]
 16831 | Slime:5  | Gained mutation: Scrolls take you a little longer to read.
                  | [potion of mutation]
 16831 | Slime:5  | Gained mutation: You possess an exceptional clarity of
                  | mind. [potion of mutation]
 16831 | Slime:5  | Gained mutation: Your spells are a little harder to cast,
                  | but a little more powerful. [potion of mutation]
 16832 | Slime:5  | Lost mutation: You possess an exceptional clarity of mind.
                  | [potion of mutation]
 16832 | Slime:5  | Lost mutation: You occasionally shout uncontrollably at
                  | your foes. [potion of mutation]
 16832 | Slime:5  | Lost mutation: Your spells are a little harder to cast, but
                  | a little more powerful. [potion of mutation]
 16832 | Slime:5  | Gained mutation: Your body often deteriorates upon taking
                  | damage. [potion of mutation]
 16832 | Slime:5  | Gained mutation: One of your tentacles bears a nasty spike.
                  | [potion of mutation]
 17157 | Slime:5  | Reached XP level 20. HP: 73/133 MP: 31/37
 17378 | Slime:5  | Killed the Royal Jelly
 17378 | Slime:5  | Reached skill level 12 in Unarmed Combat
 17410 | Slime:5  | Got a wavering platinum ring
 17416 | Slime:5  | Got a wavering brass ring
 17419 | Slime:5  | Identified the ring of Lust {rF+ rN++} (You found it on
                  | level 5 of the Pits of Slime)
 17426 | Slime:5  | Got a heavily runed graven amulet
 17426 | Slime:5  | Got a coiled platinum ring
 17429 | Slime:5  | Identified the amulet of Wadaopto {Reflect MR+ Str-2 Int+8
                  | SH+5} (You found it on level 5 of the Pits of Slime)
 17470 | Slime:5  | Got Vompulet's Compendium of Displaced Evil
 17480 | Slime:5  | Learned a level 7 spell: Malign Gateway
 17480 | Slime:5  | Got a slimy rune of Zot
 17497 | Slime:5  | Identified the ring of Xalaenuh {Ice *Slow rPois Dex+2}
                  | (You found it on level 5 of the Pits of Slime)
 17528 | Slime:5  | Identified the ring "Fiususea" {rF+ Int+4} (You found it on
                  | level 5 of the Pits of Slime)
 17854 | D:6      | Bought the ring "Muzaq" {+Fly rElec Int+9 Dex+4 Slay-2} for
                  | 554 gold pieces
 17858 | D:6      | Gained mutation: You possess an exceptional clarity of
                  | mind. [evolution]
 18063 | Vaults:1 | Entered Level 1 of the Vaults
 18110 | Vaults:1 | Paralysed by an ogre mage for 3 turns
 18170 | Vaults:1 | Reached skill level 1 in Summonings
 19011 | D:12     | You paid a toll of 8 potions of haste to enter a treasure
                  | trove
 19012 | Trove    | Entered a treasure trove
 19162 | Vaults:1 | Reached skill level 1 in Translocations
 19262 | Vaults:3 | Found Ivasiobor's Antique Armour Emporium.
 19272 | Vaults:3 | Noticed Frederick
 19282 | Vaults:3 | Killed Frederick
 19331 | Vaults:3 | Paralysed by a great orb of eyes for 4 turns
 19499 | Vaults:3 | Found a staircase to the Crypt.
 19505 | Crypt:1  | Entered Level 1 of the Crypt
 19706 | Crypt:3  | Entered Level 3 of the Crypt
 19722 | Crypt:3  | Gained mutation: You passively map a small area around you.
                  | [evolution]
 19755 | Crypt:3  | Found the +8 lance "Wyrmbane" {slay drac, rPois rF+ rC+
                  | AC+3}
 19771 | Crypt:3  | Reached skill level 5 in Summonings
 19774 | Crypt:3  | Reached skill level 5 in Translocations
 19921 | Crypt:3  | Noticed a bone dragon
 19935 | Crypt:3  | Killed a bone dragon
 19938 | Crypt:3  | Reached XP level 21. HP: 139/139 MP: 39/39
 20000 | Crypt:3  | Got a warped golden ring
 20000 | Crypt:3  | Got a transparent amber ring
 20000 | Crypt:3  | Got a vibrating iron ring
 20001 | Crypt:3  | Identified the Grimoire of Darkness
 20008 | Crypt:3  | Identified the ring of Emihoaz {+Blink rN+} (You found it
                  | on level 3 of the Crypt)
 20011 | Crypt:3  | Identified the ring of Ragres {rN+ Dex+9} (You found it on
                  | level 3 of the Crypt)
 20015 | Crypt:3  | Identified the ring "Ylyuqow" {rC+ rN+ MR+ Str-3} (You
                  | found it on level 3 of the Crypt)
 20428 | Crypt:3  | Learned a level 7 spell: Haunt
 20473 | Crypt:3  | Found a staircase to the Tomb.
 20502 | Crypt:3  | Identified Keklalliosu's Collected Works on Twisted
                  | Dislocation
 20515 | Crypt:3  | Noticed an ancient lich
 20524 | Crypt:3  | Killed an ancient lich
 20546 | Tomb:1   | Entered Level 1 of the Tomb of the Ancients
 20771 | Tomb:1   | Noticed a greater mummy
 20781 | Tomb:1   | Reached skill level 10 in Summonings
 20781 | Tomb:1   | Killed a greater mummy
 20781 | Tomb:1   | Reached skill level 10 in Translocations
 20938 | Tomb:2   | Noticed a greater mummy
 20938 | Tomb:2   | Noticed a greater mummy
 20938 | Tomb:2   | Noticed a greater mummy
 20945 | Tomb:2   | Noticed a greater mummy
 20990 | Tomb:2   | Killed a greater mummy
 20990 | Tomb:2   | Reached XP level 22. HP: 73/144 MP: 40/40
 20997 | Tomb:2   | Killed a greater mummy
 21003 | Tomb:2   | Killed a greater mummy
 21014 | Tomb:2   | Killed a greater mummy
 21200 | Tomb:1   | Noticed a greater mummy
 21205 | Tomb:1   | Noticed a greater mummy
 21206 | Tomb:1   | Killed a greater mummy
 21215 | Tomb:1   | Killed a greater mummy
 21248 | Tomb:1   | Noticed a greater mummy
 21250 | Tomb:1   | Noticed a greater mummy
 21256 | Tomb:1   | Noticed a greater mummy
 21257 | Tomb:1   | Noticed a greater mummy
 21258 | Tomb:1   | Killed a greater mummy
 21262 | Tomb:1   | Killed a greater mummy
 21264 | Tomb:1   | Noticed a greater mummy
 21272 | Tomb:1   | Killed a greater mummy
 21277 | Tomb:1   | Noticed a greater mummy
 21779 | Vaults:5 | Entered Level 5 of the Vaults
 21911 | Vaults:5 | Reached XP level 23. HP: 153/153 MP: 19/41
 22211 | Vaults:5 | Found Vecoam's General Store.
 22225 | Vaults:5 | Bought a potion of heal wounds for 80 gold pieces
 22275 | Vaults:5 | Reached skill level 15 in Fighting
 22386 | Vaults:5 | Noticed an ancient lich
 22399 | Vaults:5 | Killed an ancient lich
 22415 | Vaults:5 | Found Pischejut's Distillery.
 22454 | Vaults:5 | Bought a potion of curing for 51 gold pieces
 22454 | Vaults:5 | Bought a potion of magic for 136 gold pieces
 22454 | Vaults:5 | Bought 2 potions of heal wounds for 170 gold pieces
 22454 | Vaults:5 | Bought 2 potions of magic for 272 gold pieces
 22454 | Vaults:5 | Bought a potion of might for 68 gold pieces
 22454 | Vaults:5 | Bought a potion of cancellation for 136 gold pieces
 22527 | Vaults:5 | Reached XP level 24. HP: 173/173 MP: 41/41
 22548 | Vaults:5 | Found Yxkyajic's Distillery.
 22558 | Vaults:5 | Found Ropnihiu's Distillery.
 22563 | Vaults:5 | Bought a potion of curing for 39 gold pieces
 22563 | Vaults:5 | Bought a potion of heal wounds for 65 gold pieces
 22563 | Vaults:5 | Bought a potion of lignification for 39 gold pieces
 22563 | Vaults:5 | Bought a potion of curing for 39 gold pieces
 22563 | Vaults:5 | Bought a potion of heal wounds for 65 gold pieces
 22563 | Vaults:5 | Bought a potion of heal wounds for 65 gold pieces
 22563 | Vaults:5 | Bought a potion of curing for 39 gold pieces
 22563 | Vaults:5 | Bought a potion of heal wounds for 65 gold pieces
 22563 | Vaults:5 | Bought a potion of curing for 39 gold pieces
 22563 | Vaults:5 | Bought a potion of heal wounds for 65 gold pieces
 22563 | Vaults:5 | Bought a potion of might for 52 gold pieces
 22563 | Vaults:5 | Bought a potion of cancellation for 104 gold pieces
 22618 | Vaults:5 | Reached skill level 13 in Unarmed Combat
 22636 | Vaults:5 | Got a silver rune of Zot
 22650 | Vaults:5 | Found Juniut's Antique Armour Shoppe.
 22665 | Vaults:5 | Found Ygoran's Gadget Boutique.
 22669 | Vaults:5 | Bought a wand of acid (10) for 448 gold pieces
 22669 | Vaults:5 | Bought a wand of digging (7) for 352 gold pieces
 22695 | Vaults:5 | Bought a phantom mirror for 480 gold pieces
 22741 | Vaults:5 | Got spiked gold dragon scales
 22744 | Vaults:5 | Identified the +11 gold dragon scales of Emarued {Harm
                  | rPois rF+ rC+ Str+3 Int-2 Dex+5} (You found it on level 5
                  | of the Vaults)
 22988 | Vaults:2 | Found Huv Idak's Magic Scroll Shop.
 23013 | Vaults:2 | Bought a scroll of teleportation for 48 gold pieces
 23185 | Vaults:2 | Reached skill level 14 in Unarmed Combat
 23492 | Depths:1 | Entered Level 1 of the Depths
 23699 | Depths:2 | Found a gateway to Hell.
 23730 | Depths:2 | Reached skill level 15 in Unarmed Combat
 23734 | Depths:2 | Found a flickering gateway to a bazaar.
 23747 | Bazaar   | Entered a bazaar
 23749 | Bazaar   | Found Nauxziz's Armour Boutique.
 23753 | Bazaar   | Found Nadaixoa's Antique Weapon Boutique.
 23753 | Bazaar   | Found Ecwaob's Weapon Boutique.
 23753 | Bazaar   | Found Jacsiu's Jewellery Boutique.
 23822 | Hell     | Entered the Vestibule of Hell
 23822 | Hell     | Noticed Geryon
 23832 | Hell     | Reached skill level 1 in Necromancy
 23870 | Hell     | Killed Geryon
 23890 | Hell     | Reached XP level 25. HP: 134/179 MP: 41/41
 23906 | Hell     | Reached skill level 10 in Evocations
 23910 | Hell     | Found a gateway to the decaying netherworld of Tartarus.
 23971 | Tar:1    | Entered Level 1 of Tartarus
 23971 | Tar:1    | Found a gateway to Hell.
 23997 | Tar:1    | Reached skill level 10 in Invocations
 24042 | Tar:1    | Reached skill level 5 in Necromancy
 24047 | Tar:2    | Found a gateway to Hell.
 24047 | Tar:2    | Found a gateway to Hell.
 24106 | Tar:3    | Found a gateway to Hell.
 24108 | Tar:3    | Found a gateway to Hell.
 24244 | Tar:4    | Found a gateway to Hell.
 24247 | Tar:5    | Found a gateway to Hell.
 24280 | Tar:5    | Found a gateway to Hell.
 24307 | Tar:6    | Found a gateway to Hell.
 24437 | Tar:7    | Entered Level 7 of Tartarus
 24437 | Tar:7    | Found a gateway to Hell.
 24474 | Tar:7    | Reached XP level 26. HP: 99/185 MP: 41/41
 24634 | Tar:7    | Reached skill level 15 in Evocations
 24735 | Tar:7    | Reached skill level 15 in Dodging
 24814 | Tar:7    | Reached skill level 10 in Necromancy
 25053 | Tar:7    | Gained mutation: Your muscles are strong. (Str +2)
                  | [evolution]
 25085 | Tar:7    | Found the +0 staff of Battle
 25086 | Tar:7    | Found the +10 zealot's sword {holy, *Rage rN+ EV+3}
 25265 | Tar:7    | Reached XP level 27. HP: 190/190 MP: 41/41
 25317 | Tar:7    | Noticed Ereshkigal
 25331 | Tar:7    | Lost mutation: Your muscles are strong. (Str +2) [a
                  | cacodemon]
 25334 | Tar:7    | Killed Ereshkigal
 25364 | Tar:7    | Got a bone rune of Zot
 25514 | Tar:7    | Reached skill level 15 in Summonings
 25522 | Tar:7    | Got a glittering amber ring
 25525 | Tar:7    | Identified the ring "Ojotz" {rPois rC+ MR++} (You found it
                  | on level 7 of Tartarus)
 25535 | Tar:7    | Got a flickering bone ring
 25538 | Tar:7    | Identified the ring "Junorex" {rElec rF+ Str+6 Dex+2} (You
                  | found it on level 7 of Tartarus)
 25680 | Hell     | Found a gateway to the Iron City of Dis.
 25690 | Dis:1    | Entered Level 1 of the Iron City of Dis
 25690 | Dis:1    | Found a gateway to Hell.
 25846 | Dis:2    | Found a gateway to Hell.
 25877 | Dis:3    | Found a gateway to Hell.
 26054 | Dis:4    | Found a gateway to Hell.
 26097 | Dis:5    | Found a gateway to Hell.
 26196 | Dis:5    | Found a gateway to Hell.
 26265 | Dis:6    | Found a gateway to Hell.
 26333 | Dis:7    | Entered Level 7 of the Iron City of Dis
 26333 | Dis:7    | Found a gateway to Hell.
 26333 | Dis:7    | Found a gateway to Hell.
 26333 | Dis:7    | Found a gateway to Hell.
 26621 | Dis:7    | Noticed the Serpent of Hell
 26747 | Dis:7    | Reached skill level 16 in Unarmed Combat
 26848 | Dis:7    | Killed the Serpent of Hell
 26948 | Dis:7    | Reached skill level 17 in Unarmed Combat
 27164 | Dis:7    | Identified the +4 staff of Dispater
 27164 | Dis:7    | Noticed Dispater
 27183 | Dis:7    | Killed Dispater
 27201 | Dis:7    | Got an iron rune of Zot
 27418 | Hell     | Lost mutation: Your body often deteriorates upon taking
                  | damage. [evolution]
 27418 | Hell     | Lost mutation: You evolve. [end of evolution]
 27437 | Hell     | Found a gateway to the freezing wastes of Cocytus.
 27476 | Coc:1    | Entered Level 1 of Cocytus
 27476 | Coc:1    | Found a gateway to Hell.
 27522 | Coc:1    | Reached skill level 18 in Unarmed Combat
 27699 | Coc:4    | Found a gateway to Hell.
 27712 | Coc:4    | Learned a level 7 spell: Monstrous Menagerie
 27767 | Coc:4    | You fall into a shaft and drop 2 floors!
 27809 | Coc:6    | Found a gateway to Hell.
 27855 | Coc:6    | Found a gateway to Hell.
 27887 | Coc:7    | Entered Level 7 of Cocytus
 27887 | Coc:7    | Found a gateway to Hell.
 27887 | Coc:7    | Found a gateway to Hell.
 27887 | Coc:7    | Found a gateway to Hell.
 28045 | Coc:7    | Reached skill level 19 in Unarmed Combat
 28354 | Coc:7    | Identified the +9 mace "Ateecoharo" {freeze, rC+}
 28354 | Coc:7    | Noticed Antaeus
 28416 | Coc:7    | Reached skill level 20 in Unarmed Combat
 28510 | Coc:7    | Identified the ring "Ichyon" {+Inv rPois Int-5 Dex+8}
 28536 | Coc:7    | Annihilated by Antaeus

Illustrated notes #...#...#..... ..#... #...#...#..... ..#... #...#...####'# .+... #...#......... #... #...#....[.... . ... #...#......... 8..#+######)..########## ........................ #......@................ ######################## Turn 12903 on Elf:2: found statue form at #..#......#...#.. #..#......#...#.. #..#......#...#.. #..#......#...#.. #..#......#...#.. #..)......#...#.. ###..#......#...#.. #..Z.#.).>..#...#.. #(@Z.#'######)..### #.................. ###................ ################# Turn 13227 on Elf:2: managed to kill her at last with summon mammals lol #..#......#...#.. #..#......#...#.. #..#......#...#.. #..#......#...#.. #..#......#...#.. #..)......#...#.. ###..#......#...#.. #..Z.#.).>..#...#.. #(@Z.#'######)..### #.................. ###................ ################# Turn 13236 on Elf:2: statue form castable at

24%
#..#......#...#..
#..#......#...#..
#..#......#...#..
#..#......#...#..
#..#......#...#..
#..)......#...#..
###..#......#...#..
#..Z.#.).>..#...#..
#(@Z.#'######)..###
#..................
###................
#################


Turn 13238 on Elf:2: 17% with 2 wizardry and 2 +6 int rings

Levels and vault maps discovered:
D:1:      ebering_trefoil_twist, layout_basic
D:2:      layout_basic, vehumet_crystals, old_standard_altar, grunt_ministairs_1
D:3:      layout_basic, minmay_quantized, uniq_terence
D:4:      layout_gridville, first_ration
D:5:      layout_basic, elyvilon_altar_3, lightli_temple_of_fire, temple_pool_b
D:6:      layout_cave_pools, old_standard_altar, serial_shops,
          kennysheep_mini_moat, shop, kennysheep_generic_room_16
D:7:      layout_rooms, nicolae_tso_carved_into_rock
D:8:      layout_layer_cave, eat_drink_and_be_merry_uskayaw,
          due_lair_maze_entry_diamond, serial_shops,
          nicolae_shop_window_shopping, nicolae_shop_stone,
          nicolae_shop_statue_plus, serial_rivers,
          chequers_serial_rivers_small_a, chequers_serial_rivers_micro_e,
          chequers_serial_rivers_small_3, chequers_serial_rivers_micro_e,
          ploomutoo_gammafunk_ghost_potion_laboratory, minmay_misc_feat_plants,
          hangedman_ranch [blue_anna_fruit_fields], cheibriados_altar_1
D:9:      layout_basic
D:10:     layout_big_octagon
D:11:     layout_long_grid
D:12:     layout_stronghold, minmay_orc_entry_guard_dogs,
          nicolae_trove_entry_crossroad, guppyfry_shop_earth
D:13:     layout_loops_ring, basic_altar
D:14:     layout_rooms, grunt_vaults_entry_tiered, kennysheep_small_spiral,
          drop_trap
D:15:     gammafunk_enter_depths_forms, layout_cave_pools, special_room
          [special_room_mythical_zoo], small_statue_alley_a
Temple:   regret_index_temple_sphere_string
Lair:1:   layout_cave_pods, basic_altar, infiniplex_staircase_pool, uniq_grum,
          uniq_fannar
Lair:2:   layout_hall_layers, minivault_19, uniq_harold, uniq_gastronok
Lair:3:   layout_cave_shapes, guppyfry_snake_entry_island
Lair:4:   layout_regular_city, shoals_dummy_entry, portal_ice_cave_rime,
          st_stairs_8, uniq_josephine
Lair:5:   layout_gridlike, dpeg_slime_entry_corner, lemuel_fruit_fields
Lair:6:   minmay_lair_end_frog_pond, layout_loops_ring
Shoals:1: layout_shoals, gammafunk_ghost_cemetery, hangedman_shoals_cup_caves
Shoals:2: layout_shoals, uniq_donald, uniq_ilsuiw
Shoals:3: layout_shoals, nicolae_shoals_loop_pool
Shoals:4: shoals_end_grunt_ice, layout_shoals, uniq_polyphemus
Snake:1:  layout_rooms, uniq_azrael
Snake:2:  layout_honeycomb, serial_bayou_shore_b, grunt_megastairs_2
Snake:3:  layout_rooms, serial_shops, shop, lemuel_fruit_tree
Snake:4:  grunt_snake_rune_pools, layout_misc_corridors
Slime:1:  layout_caves, nicolae_slime_phagocytosis
Slime:2:  layout_caves, cheibrodos_slime_lost_civilization_4
Slime:3:  layout_caves
Slime:4:  layout_caves, basic_altar
Slime:5
Orc:1:    layout_diamond_mine
Orc:2:    st_orc_rangers, layout_diamond_mine, basic_altar
Elf:1:    layout_loops_cross, serial_shops, nicolae_shop_statue_plus,
          minmay_elf_sorcery, uniq_frances
Elf:2:    layout_onion_city, basic_altar, serial_shops, shop, uniq_louise,
          uniq_roxanne
Elf:3:    minmay_elf_hall_furrowed, layout_gridlike, serial_shops, shop,
          uniq_aizul
Vaults:1: hangedman_vaults_trim, vaults_dpeg_diagonal, v_misc_1,
          vaults_room_large_hall, nicolae_vaults_mini_display_case, v_misc_2,
          ontoclasm_vaults_misaligned, v_misc_26, nicolae_vaults_three_branches,
          nicolae_vaults_little_squares_2, vaults_room_large_hall,
          layout_vaults_omnibox, uniq_asterion
Vaults:2: v_misc_13, ontoclasm_vaults_ring_large, v_misc_23, special_room_vaults
          [special_room_orc], v_rooms_2, hangedman_vaults_trim, v_misc_30,
          nicolae_vaults_yaktaur_gun_rack, v_misc_15,
          grunt_vaults_hallway_short, layout_vaults_big_room, serial_shops, shop
Vaults:3: nicolae_vaults_network_quinsquares
          [nicolae_vaults_network_quincunx_subvault,
          nicolae_vaults_network_quincunx_subvault,
          nicolae_vaults_network_quincunx_subvault,
          nicolae_vaults_network_quincunx_subvault], st_diamondy,
          nicolae_vaults_little_squares_4, minmay_crypt_entry_simple_round,
          v_rooms_5, hangedman_vaults_maws, nicolae_vaults_little_ls,
          ontoclasm_vaults_gateway, nicolae_vaults_what_the_h,
          grunt_vaults_funnel, layout_vaults_omnicross, serial_shops, shop,
          uniq_frederick
Vaults:4: hangedman_vaults_stagger, nicolae_vaults_alarming,
          ontoclasm_vaults_hangar, v_rooms_4, ontoclasm_vaults_shuriken,
          nicolae_vaults_rhombus_5, nicolae_vaults_border_crossing,
          nicolae_vaults_diagonal_hallway_8, nicolae_vaults_network_s,
          vaults_room_mumra_shop_pool, layout_vaults_omnigrid
Vaults:5
Crypt:1:  layout_chaotic_city, roderic_lattice_octagonal_star,
          grunt_crypt_arrival_webbed
Crypt:2:  layout_chaotic_city, ebering_ghost_rock_garden
Crypt:3:  quadcrypt_mu
Tomb:1
Tomb:2
Depths:1: layout_cave_shapes, gammafunk_ghost_berserking_beasts, kennysheep_nub,
          pan_entry, grunt_mini_vestibule, serial_shops, nicolae_shop_stone,
          minivault_11, minivault_16, serial_bayou_shore_a
Depths:2: hangedman_hanging_gardens, layout_small_grid, pf_coc_iceberg,
          serial_shops, bzr_entry_customers, chequers_serial_rivers_marsh,
          minmay_misc_feat_more_columns, minmay_crystal_box
Hell
Dis:1:    layout_regular_city, hangedman_dis_chains
Dis:2:    layout_subdivisions
Dis:3:    layout_gridville, door_vault
Dis:4:    layout_chaotic_city, hangedman_dis_decor_blocks_mantle,
          hangedman_dis_decor_tower
Dis:5:    layout_jigsaw
Dis:6:    layout_chaotic_city, nicolae_dis_iron_filings
Dis:7:    dis_hangedman
Coc:1:    layout_cocytus_delve
Coc:2:    layout_ice_bergs
Coc:3:    layout_cocytus_water_paths
Coc:4:    layout_ice_bergs
Coc:6:    layout_ice_bergs
Coc:7:    coc_old
Tar:1:    layout_cathedral_of_symmetry
Tar:2:    layout_cathedral_of_symmetry
Tar:3:    layout_catacombs, nicolae_tar_cuneiform_sun
Tar:4:    layout_honeycomb, lemuel_elevator
Tar:5:    layout_grid_maze, hangedman_tartarus_temple_path,
          nicolae_tar_cuneiform_two
Tar:6:    layout_honeycomb
Tar:7:    tar_old

Skill      XL: |  1  2  3  4  5  6  7  8  9 10 11 12 13 14 15 16 17 18 19 20 21 22 23 24 25 26 27 |
---------------+----------------------------------------------------------------------------------+-----
Stealth        | 2 4 7 11 | 11.1
Unarmed Combat | 2 5 6 8 9 10 11 12 15 20 | 20.1
Fighting       | 4 6 7 8 9 10 12 16 18 | 18.0
Dodging        | 4 6 7 9 10 11 12 13 14 15 17 | 17.5
Invocations    | 2 4 6 7 9 12 13 | 13.0
Evocations     | 4 5 7 8 9 14 16 | 16.2
Shields        | 2 4 5 10 11 12 14 15 | 15.1
Earth Magic    | 1 3 6 7 10 | 10.2
Transmutations | 1 3 6 7 10 | 10.2
Spellcasting   | 5 8 10 11 13 | 13.9
Air Magic      | 2 6 8 9 10 11 | 11.9
Conjurations   | 1 4 5 6 7 8 |  8.1
Ice Magic      | 1 4 5 6 7 |  7.0
Summonings     | 6 10 13 17 | 17.4
Translocations | 5 10 13 | 13.0
Necromancy     | 3 8 11 | 11.1
Short Blades   | |  1.0

Action                   |  1- 3 |  4- 6 |  7- 9 | 10-12 | 13-15 | 16-18 | 19-21 | 22-24 | 25-27 || total
-------------------------+-------+-------+-------+-------+-------+-------+-------+-------+-------++-------
Melee: Short sword       |     8 |       |       |       |       |       |       |       |       ||     8
       Constrict         |     2 |    28 |    31 |    71 |   141 |    99 |   132 |   110 |   322 ||   936
       Dagger            |     3 |    82 |    86 |       |       |       |       |       |       ||   171
       Tentacles         |       |    17 |    40 |   173 |   424 |   245 |   308 |   257 |   667 ||  2131
       Punch             |       |     1 |    15 |    63 |   171 |    78 |   147 |   129 |   444 ||  1048
       Unarmed           |       |       |    48 |   432 |   954 |   587 |   806 |   664 |  1720 ||  5211
       Kick              |       |       |       |       |       |       |   383 |   440 |  1133 ||  1956
       Mace              |       |       |       |       |       |       |     1 |       |     6 ||     7
       Eudemon blade     |       |       |       |       |       |       |       |       |    80 ||    80
 Fire: Hunting sling     |       |       |     4 |       |       |     3 |       |       |       ||     7
Throw: Dart              |       |       |     2 |    16 |     1 |       |       |       |       ||    19
 Cast: Poisonous Vapours |       |       |       |     9 |     2 |       |       |       |       ||    11
       Mephitic Cloud    |       |       |       |     8 |    30 |    27 |     1 |       |       ||    66
       Petrify           |       |       |       |       |    27 |       |       |       |       ||    27
       Apportation       |       |       |       |       |    10 |    22 |    58 |    11 |     8 ||   109
       Animate Skeleton  |       |       |       |       |    23 |    23 |       |     2 |     4 ||    52
       Freezing Cloud    |       |       |       |       |     2 |     9 |    12 |     1 |     4 ||    28
       Ozocubu's Armour  |       |       |       |       |     1 |     1 |       |       |       ||     2
       Summon Small Mamm |       |       |       |       |       |    10 |       |       |       ||    10
       Statue Form       |       |       |       |       |       |    32 |    70 |    41 |    94 ||   237
       Borgnjor's Vile C |       |       |       |       |       |       |     8 |       |     6 ||    14
       Leda's Liquefacti |       |       |       |       |       |       |     6 |     1 |     2 ||     9
       Malign Gateway    |       |       |       |       |       |       |     1 |     9 |    42 ||    52
       Monstrous Menager |       |       |       |       |       |       |       |       |    15 ||    15
       Haunt             |       |       |       |       |       |       |       |       |     9 ||     9
Invok: Slouch            |       |       |       |     6 |    24 |    10 |    20 |    18 |    15 ||    93
       Temporal Distorti |       |       |       |     3 |     7 |     3 |       |       |     1 ||    14
       Step From Time    |       |       |       |       |       |       |     1 |     1 |     3 ||     5
 Abil: Evoke Blink       |       |       |       |       |       |       |     1 |       |     1 ||     2
       End Transformatio |       |       |       |       |       |       |       |       |     1 ||     1
Evoke: Wand              |    25 |    12 |    27 |    38 |    48 |     1 |     2 |     3 |    20 ||   176
       Box of beasts     |       |       |       |       |     1 |       |       |       |     1 ||     2
       Phantom mirror    |       |       |       |       |       |       |     1 |       |       ||     1
  Use: Scroll            |       |     5 |     4 |     4 |    30 |    13 |    14 |     5 |     4 ||    79
       Potion            |       |     1 |     1 |     7 |    20 |     2 |     8 |     6 |     4 ||    49
 Stab: Sleeping          |       |     8 |     8 |     8 |    12 |    16 |    13 |     8 |    15 ||    88
       Betrayed ally     |       |       |     1 |       |       |       |       |       |       ||     1
       Paralysed         |       |       |     7 |       |     8 |       |       |       |     3 ||    18
       Confused          |       |       |       |     6 |    40 |    18 |       |       |       ||    64
       Invisible         |       |       |       |       |     8 |       |       |       |       ||     8
       Distracted        |       |       |       |       |     3 |     9 |     3 |     4 |    19 ||    38
       Petrified         |       |       |       |       |    20 |       |       |       |       ||    20
       Petrifying        |       |       |       |       |     6 |       |       |     1 |     1 ||     8
  Eat: Chunk             |       |     1 |     2 |    10 |    20 |       |     2 |     4 |     1 ||    40
       Ration            |       |       |       |       |     1 |     7 |     8 |     5 |    11 ||    32
Armor: Skin              |     1 |    11 |    12 |    30 |   101 |   114 |   173 |   234 |   435 ||  1111
Dodge: Dodged            |    10 |    43 |    93 |   336 |   640 |   814 |  1133 |  1515 |  3438 ||  8022
Block: Buckler           |       |       |       |   118 |       |       |       |       |       ||   118
       Kite shield       |       |       |       |    47 |   741 |   772 |  1222 |  1320 |  3395 ||  7497
       Rpst.: Eudemon blade |       |       |       |       |       |       |       |       |    33 ||    33

Table legend:
 A = Non-vault XP
 B = Vault XP
 C = Vault XP percentage of total XP
 D = Non-vault monster count
 E = Vault monster count
 F = Vault count percentage of total count
                 A         B        C        D         E       F
            +---------+---------+-------+---------+---------+-------
      Total |  865902 |  896280 |  50.9 |    1679 |    1001 |  37.4
            +---------+---------+-------+---------+---------+-------
        D:1 |      30 |       0 |   0.0 |      17 |       0 |   0.0
        D:2 |      81 |      15 |  15.6 |      20 |       2 |   9.1
        D:3 |      70 |      38 |  35.2 |      13 |       5 |  27.8
        D:4 |     499 |       0 |   0.0 |      22 |       0 |   0.0
        D:5 |      94 |       0 |   0.0 |       4 |       0 |   0.0
        D:6 |     670 |      13 |   1.9 |      19 |       1 |   5.0
        D:7 |     690 |       0 |   0.0 |       8 |       0 |   0.0
        D:8 |    3024 |    1241 |  29.1 |      17 |      10 |  37.0
        D:9 |    3728 |       0 |   0.0 |      33 |       0 |   0.0
       D:10 |    4787 |       0 |   0.0 |      35 |       0 |   0.0
       D:11 |    6766 |       0 |   0.0 |      35 |       0 |   0.0
       D:12 |    5191 |    1887 |  26.7 |      29 |       8 |  21.6
       D:13 |    4568 |       0 |   0.0 |      18 |       0 |   0.0
       D:14 |    8750 |    9723 |  52.6 |      33 |      25 |  43.1
       D:15 |   14556 |    7951 |  35.3 |      33 |      29 |  46.8
     Lair:1 |    1720 |    1675 |  49.3 |      10 |       6 |  37.5
     Lair:2 |    4123 |    3143 |  43.3 |      26 |       2 |   7.1
     Lair:3 |    4230 |     890 |  17.4 |      16 |       5 |  23.8
     Lair:4 |    3446 |     879 |  20.3 |      10 |       3 |  23.1
     Lair:5 |    5395 |       0 |   0.0 |      25 |       0 |   0.0
     Lair:6 |    1915 |   11059 |  85.2 |      11 |      48 |  81.4
   Shoals:1 |    2790 |    6231 |  69.1 |       7 |       5 |  41.7
   Shoals:2 |    9961 |    3879 |  28.0 |      21 |       4 |  16.0
   Shoals:3 |     580 |       0 |   0.0 |       2 |       0 |   0.0
   Shoals:4 |    3623 |   10603 |  74.5 |      10 |      17 |  63.0
    Snake:1 |   10966 |    2472 |  18.4 |      24 |       8 |  25.0
    Snake:2 |    7758 |    2058 |  21.0 |      13 |       4 |  23.5
    Snake:3 |   19027 |       0 |   0.0 |      38 |       0 |   0.0
    Snake:4 |   11282 |   35412 |  75.8 |      22 |      58 |  72.5
    Slime:1 |    3464 |    1082 |  23.8 |       4 |       4 |  50.0
    Slime:2 |    1611 |       0 |   0.0 |       6 |       0 |   0.0
    Slime:3 |    3990 |       0 |   0.0 |       6 |       0 |   0.0
    Slime:4 |    1572 |       0 |   0.0 |       6 |       0 |   0.0
    Slime:5 |   15457 |   30265 |  66.2 |      25 |      13 |  34.2
      Orc:1 |     489 |       0 |   0.0 |      12 |       0 |   0.0
      Orc:2 |    2426 |    5958 |  71.1 |      32 |      37 |  53.6
      Elf:1 |    4365 |    2932 |  40.2 |       8 |       2 |  20.0
      Elf:2 |   10903 |    4209 |  27.9 |      17 |       5 |  22.7
      Elf:3 |   27220 |   62202 |  69.6 |      48 |      41 |  46.1
   Vaults:1 |    9730 |   12068 |  55.4 |      22 |      18 |  45.0
   Vaults:2 |   17525 |    4969 |  22.1 |      21 |      19 |  47.5
   Vaults:3 |    9144 |   18468 |  66.9 |      14 |      20 |  58.8
   Vaults:4 |    4415 |   26712 |  85.8 |       5 |      27 |  84.4
   Vaults:5 |   25623 |  132696 |  83.8 |      39 |      83 |  68.0
    Crypt:1 |   16928 |       0 |   0.0 |      23 |       0 |   0.0
    Crypt:2 |    5994 |       0 |   0.0 |       9 |       0 |   0.0
    Crypt:3 |       0 |   63065 | 100.0 |       0 |      72 | 100.0
     Tomb:1 |   12429 |   65720 |  84.1 |      32 |      45 |  58.4
     Tomb:2 |    4949 |   48576 |  90.8 |      26 |      51 |  66.2
   Depths:1 |   13638 |       0 |   0.0 |      24 |       0 |   0.0
   Depths:2 |   16928 |   12184 |  41.9 |      26 |      18 |  40.9
       Hell |   19461 |   33222 |  63.1 |      29 |      41 |  58.6
      Dis:1 |    9856 |       0 |   0.0 |      27 |       0 |   0.0
      Dis:2 |    3719 |       0 |   0.0 |       9 |       0 |   0.0
      Dis:3 |   16243 |       0 |   0.0 |      42 |       0 |   0.0
      Dis:4 |    4370 |       0 |   0.0 |      14 |       0 |   0.0
      Dis:5 |   10612 |       0 |   0.0 |      17 |       0 |   0.0
      Dis:6 |   12018 |       0 |   0.0 |      18 |       0 |   0.0
      Dis:7 |   48420 |  144217 |  74.9 |      59 |     138 |  70.1
      Coc:1 |    5734 |       0 |   0.0 |      23 |       0 |   0.0
      Coc:2 |    7295 |       0 |   0.0 |      19 |       0 |   0.0
      Coc:3 |   13276 |       0 |   0.0 |      34 |       0 |   0.0
      Coc:4 |    1346 |       0 |   0.0 |       6 |       0 |   0.0
      Coc:6 |   21232 |       0 |   0.0 |      35 |       0 |   0.0
      Coc:7 |  102484 |   32115 |  23.9 |     101 |      39 |  27.9
      Tar:1 |   30055 |       0 |   0.0 |      32 |       0 |   0.0
      Tar:2 |   20516 |       0 |   0.0 |      47 |       0 |   0.0
      Tar:3 |   33519 |       0 |   0.0 |      40 |       0 |   0.0
      Tar:5 |   10402 |       0 |   0.0 |       9 |       0 |   0.0
      Tar:6 |   29388 |       0 |   0.0 |      33 |       0 |   0.0
      Tar:7 |  116836 |   94139 |  44.6 |     109 |      79 |  42.0
      IceCv |       0 |    2312 | 100.0 |       0 |       9 | 100.0
            +---------+---------+-------+---------+---------+-------
